 Dungeon Crawl Stone Soup version 0.18.1-1-g2f07953 (webtiles) character file.

324 IcyTea the Cutter (level 6, 0/41 HPs)
             Began as a Human Enchanter on May 7, 2016.
             Slain by a giant frog skeleton (7 damage)
             ... on level 4 of the Dungeon.
             The game lasted 00:19:15 (2767 turns).

IcyTea the Cutter (Human Enchanter)                 Turns: 2767, Time: 00:19:15

Health: 0/41       AC:  5    Str: 15    XL:     6   Next: 77%
Magic:  7/9        EV: 12    Int: 17    God:
Gold:   241        SH:  0    Dex: 15    Spells: 4 memorised, 0 levels left

rFire  x . .     SeeInvis .     a - +2 dagger
rCold  + . .     Gourm    .     b - +2 robe
rNeg   . . .     Faith    .     (no shield)
rPois  .         Spirit   .     r - +0 helmet
rElec  .         Dismiss  .     (no cloak)
rCorr  .         Reflect  .     (no gloves)
SustAt .         Harm     .     (no boots)
MR     .....                    (no amulet)
Stlth  +++.......               q - ring of ice
                                o - +6 ring of strength

@: not resistant to hostile enchantments, fairly stealthy
A: thin skeletal structure 1, blink, blurry vision 1
a: Blink


You were on level 4 of the Dungeon.
You were hungry.

You visited 1 branch of the dungeon, and saw 4 of its levels.

You collected 241 gold pieces.

Inventory:

Hand Weapons
 a - a +2 dagger (weapon)
 e - a +0 short sword
Missiles
 g - 5 tomahawks
 u - 6 javelins (quivered)
Armour
 b - a +2 robe (worn)
 r - a +0 helmet (worn)
Magical Staves
 m - an uncursed staff of fire
Jewellery
 k - an uncursed ring of magical power {unknown}
 o - a +6 ring of strength (left hand)
 q - a ring of ice (right hand)
Scrolls
 l - a scroll of teleportation
Potions
 i - 4 potions of curing
 j - a potion of brilliance
 s - a potion of heal wounds
Books
 c - a book of Maledictions

   Spells                             Type                      Level
   a - Corona                         Hexes                        1
   b - Ensorcelled Hibernation        Hexes/Ice                    2
   c - Confuse                        Hexes                        3
   d - Tukima's Dance                 Hexes                        3
   e - Dazzling Spray                 Conjuration/Hexes            3
Comestibles
 d - 5 bread rations
 f - a beef jerky
 h - a slice of pizza
 n - 2 meat rations


   Skills:
 + Level 6.4 Short Blades
 - Level 2.0 Dodging
 - Level 3.0 Stealth
 - Level 2.0 Spellcasting
 - Level 3.0 Hexes


You couldn't memorise any spells.
You knew the following spells:

 Your Spells              Type           Power        Failure   Level  Hunger
a - Corona                Hex            ##.....      6%          1    #......
b - Ensorcelled Hibernat  Hex/Ice        ##....       17%         2    ###....
c - Tukima's Dance        Hex            ##......     17%         3    ###....
d - Dazzling Spray        Conj/Hex       #.......     30%         3    ###....


Dungeon Overview and Level Annotations

Branches:
Dungeon (4/15)
 Temple: D:4-7

Altars:
Elyvilon
Qazlal
Yredelemnul


Innate Abilities, Weirdness & Mutations

You have a somewhat thin skeletal structure (Dex +2, Stealth).
You can translocate small distances at will.
Scrolls take you a little longer to read.


Message History

* * * LOW HITPOINT WARNING * * *
You hit the giant frog skeleton. You hit the giant frog skeleton.
The giant frog skeleton barely misses you.
The orc wizard mumbles some strange words.
The orc wizard blinks!
You hit the giant frog skeleton. The giant frog skeleton hits you.
* * * LOW HITPOINT WARNING * * *
You barely miss the giant frog skeleton.
The giant frog skeleton hits you.
* * * LOW HITPOINT WARNING * * *
The orc barely misses you.
You hit the orc.
The orc is heavily wounded.
The giant frog skeleton barely misses you.
The orc closely misses you.
You hit the orc.
The orc is almost dead.
The giant frog skeleton hits you!
You die...

.......(.....##.#......
..#.##.#...#.>.......# #
..#.##.#...####...... .# #
###.##.#...## #..# ##.#.#
###.##.#.(..#####.o# .....#
..#.##............o###...<.#
#.#.####.#..##....#........#
#.#.# #.#(.##.####.##...Z.#
#.#.# #.#.....o@Z).# .....#
#.#.# #.##.##.###### ##.###
#.#.####.##.##.### .#
..........#......# #
#####..........#.#
#####.######.#
#.........##.#
#.###.###.##.# #.# #.#
#.##.#


You could see an orc and a giant frog skeleton.

Vanquished Creatures
  Sigmund (D:2)
  An orc priest (D:3)
  An orc wizard (D:4)
  5 adders
  5 giant geckos
  5 orcs
  2 giant cockroaches
  8 goblins
  6 hobgoblins
  4 jackals (D:2)
  A ball python (D:4)
  10 bats
  3 giant newts
  7 kobolds
  3 rats
62 creatures vanquished.

Notes
Turn   | Place    | Note
--------------------------------------------------------------
     0 | D:1      | IcyTea the Human Enchanter began the quest for the Orb.
     0 | D:1      | Reached XP level 1. HP: 13/13 MP: 3/3
   200 | D:1      | Reached XP level 2. HP: 19/19 MP: 5/5
   216 | D:1      | Reached skill level 2 in Short Blades
   225 | D:1      | Learned a level 2 spell: Ensorcelled Hibernation
   604 | D:1      | You fall through a shaft!
   662 | D:2      | Reached XP level 3. HP: 24/24 MP: 6/6
   793 | D:2      | Found a white marble altar of Elyvilon.
   832 | D:2      | Reached skill level 3 in Short Blades
   972 | D:2      | Found a basalt altar of Yredelemnul.
  1098 | D:2      | Noticed Sigmund
  1113 | D:2      | Killed Sigmund
  1113 | D:2      | Reached skill level 5 in Short Blades
  1113 | D:2      | Reached XP level 4. HP: 11/30 MP: 3/7
  1113 | D:2      | Reached XP level 5. HP: 12/35 MP: 3/8
  1342 | D:2      | Found a stormy altar of Qazlal.
  1371 | D:2      | Reached XP level 6. HP: 41/41 MP: 9/9
  1446 | D:2      | Learned a level 3 spell: Tukima's Dance
  1450 | D:2      | Learned a level 3 spell: Dazzling Spray
  1816 | D:3      | Gained mutation: You have a somewhat thin skeletal structure (Dex +2, Stealth). [potion of mutation]
  1816 | D:3      | Gained mutation: Scrolls take you a little longer to read. [potion of mutation]
  1816 | D:3      | Gained mutation: You can translocate small distances at will. [potion of mutation]
  2039 | D:3      | Reached skill level 6 in Short Blades
  2767 | D:4      | Slain by a giant frog skeleton

Skill      XL: |  1  2  3  4  5  6 |
---------------+-------------------+-----
Short Blades   | 2 5 6 |  6.4
Dodging        | |  2.0
Stealth        | |  3.0
Spellcasting   | |  2.0
Hexes          | |  3.0

Action                   |  1- 3 |  4- 6 || total
-------------------------+-------+-------++-------
Melee: Dagger            |    63 |   128 ||   191
Throw: Tomahawk          |       |     1 ||     1
 Cast: Corona            |     8 |       ||     8
       Ensorcelled Hiber |    10 |    12 ||    22
       Dazzling Spray    |       |     1 ||     1
  Use: Scroll            |     4 |     4 ||     8
       Potion            |       |     7 ||     7
 Stab: Sleeping          |    13 |    14 ||    27
       Distracted        |       |     1 ||     1
  Eat: Chunk             |     1 |     6 ||     7
Armor: Robe              |     9 |    19 ||    28
Dodge: Dodged            |    34 |    58 ||    92
